Workbook

Sheet algemene inleiding

Sheet inleiding ..... 
A1: INLEIDING ALGEMEEN BEHEER

Sheet handleiding
A2: Hoe gebruiken we de kwaliteitstool MAEIA?

Sheet expertenteam
A1: MET DANK AAN HET EXPERTENTEAM
A2: Sarah De Broe
A3: Thomas De Rijdt
A4: Jo Swartenbroekx
A5: Siska Desplenter
A6: Marnik Stragier
A7: Kathy Van Hecke
A8: Sabrina Commeyne
A9: Charlotte Delepierre
A10: Dominique Wouters

Sheet inhoudstafel

Sheet auditvragen algemeen beheer 
A2: VERSIE 20240201 | B2: ALGEMEEN BEHEER VAN DE ZIEKENHUISAPOTHEEK | C2: NIVEAU | D2: Referentie | E2: ter info: artikelnummer, §, pagina | G2: ANTWOORD | H2: OPMERKINGEN | J2: extra factor gewicht | L2: TOTAL | M2: SCORE
C3: 1 = WETGEVING (= 6 punten) | H3: OPMERKINGEN | L3: =SUBTOTAL(9,L7:L573) -> 3 | M3: =SUBTOTAL(9,M7:M573) -> 3
C4: 2 = RICHTLIJNEN, NORMEN, AANBEVELINGEN (= 3 punten) | G4: Ja
C5: 3 = GOOD PRACTICE (= 1 punt) | G5: Neen
G6: NVT | K6: Code | L6: Total | M6: Score
A7: I | B7: Kwaliteitsopvolging van het sterilisatieproces | C7: Progress :: | G7: =SUBTOTAL(3,G10:G12)/SUBTOTAL(3,C10:C12) -> 0.33333333 | L7: =SUBTOTAL(9,L10:L12) -> 3 | M7: =SUBTOTAL(9,M10:M12) -> 3
B8: AUDITVRAGEN
B9: Controleer altijd de documentatie en de toepassing op de werkvloer.
A10: 1 | B10: Werden alle genomen acties op basis van de tekortkomingen van niveau 1 die bij de vorige audit werden vastgesteld adequaat opgevolgd en met met succes geïmplementeerd? | C10: 3 | D10: Good Practice | G10: Ja | J10: X3 | K10: =C10&J10&G10 -> 3X3Ja | L10: =IFERROR(VLOOKUP($K10,Mapping!$F:$H,2,0),"") -> 3 | M10: =IFERROR(VLOOKUP($K10,Mapping!$F:$H,3,0),"") -> 3 | N10: =C10&G10 -> 3Ja
A11: 2 | B11: Werden alle genomen acties op basis van de verbeterpunten van niveau 2 die bij de vorige audit werden vastgesteld adequaat opgevolgd en met met succes geïmplementeerd? | C11: 3 | D11: Good Practice | J11: X2 | K11: =C11&J11&G11 -> 3X2 | L11: =IFERROR(VLOOKUP($K11,Mapping!F:H,2,0),"") | M11: =IFERROR(VLOOKUP($K11,Mapping!$F:$H,3,0),"") | N11: =C11&G11 -> 3
A12: 3 | B12: Werden alle genomen acties op basis van de verbeterpunten van niveau 3 die bij de vorige audit werden vastgesteld adequaat opgevolgd en met met succes geïmplementeerd? | C12: 3 | D12: Good Practice | J12: X1 | K12: =C12&J12&G12 -> 3X1 | L12: =IFERROR(VLOOKUP($K12,Mapping!F:H,2,0),"") | M12: =IFERROR(VLOOKUP($K12,Mapping!$F:$H,3,0),"") | N12: =C12&G12 -> 3
A13: II | B13: Algemeen beheer | C13: Progress :: | G13: =SUBTOTAL(3,G16:G57)/(SUBTOTAL(3,C16:C57)-0) -> 0 | L13: =SUBTOTAL(9,L16:L57) -> 0 | M13: =SUBTOTAL(9,M16:M57) -> 0
B14: AUDITVRAGEN
B15: Controleer altijd de documentatie en de toepassing op de werkvloer.
A16: 1 | B16: Is de titularis van de apotheek een ziekenhuisapotheker ? | C16: 1 | D16: KB 30 sept 2020 | E16: Art 1.3° | J16: X1 | K16: =C16&J16&G16 -> 1X1 | L16: =IFERROR(VLOOKUP($K16,Mapping!F:H,2,0),"") | M16: =IFERROR(VLOOKUP($K16,Mapping!$F:$H,3,0),"") | N16: =C16&G16 -> 1
A17: 2 | B17: Wordt de apotheek "geleid" door de ziekenhuisapotheker-titularis? | C17: 1 | D17: KB 30 sept 2020 | E17: Art 1.3° | J17: X1 | K17: =C17&J17&G17 -> 1X1 | L17: =IFERROR(VLOOKUP($K17,Mapping!F:H,2,0),"") | M17: =IFERROR(VLOOKUP($K17,Mapping!$F:$H,3,0),"") | N17: =C17&G17 -> 1
A18: 3 | B18: Draagt de ziekenhuisapotheker-titularis de volledige verantwoordlijkheid over de ziekenhuisapotheek? | C18: 1 | D18: KB 30 sept 2020 | E18: Art 1.3° | J18: X1 | K18: =C18&J18&G18 -> 1X1 | L18: =IFERROR(VLOOKUP($K18,Mapping!F:H,2,0),"") | M18: =IFERROR(VLOOKUP($K18,Mapping!$F:$H,3,0),"") | N18: =C18&G18 -> 1
A19: 4 | B19: Is er minstens één ziekenhuisapotheker aanwezig tijdens de openingsuren van de ziekenhuisapotheek? | C19: 1 | D19: KB 30 sept 2020 | E19: Art 4 | J19: X1 | K19: =C19&J19&G19 -> 1X1 | L19: =IFERROR(VLOOKUP($K19,Mapping!F:H,2,0),"") | M19: =IFERROR(VLOOKUP($K19,Mapping!$F:$H,3,0),"") | N19: =C19&G19 -> 1
A20: 5 | B20: Rapporteert de hoofdapotheker aan de algemene directeur? | C20: 3 | D20: Good Practice | J20: X1 | K20: =C20&J20&G20 -> 3X1 | L20: =IFERROR(VLOOKUP($K20,Mapping!F:H,2,0),"") | M20: =IFERROR(VLOOKUP($K20,Mapping!$F:$H,3,0),"") | N20: =C20&G20 -> 3
A21: 6 | B21: Werkt het diensthoofd nauw samen met de directeur van het ziekenhuis, alsmede met de verantwoordelijken van de onderscheiden aspekten van de ziekenhuisactiviteit en meer in het bijzonder met de hoofdgeneesheer, de geneesheren-hoofd van de dienst, het hoofd van de verpleegkundige, van de paramedische, van de administratief financiële en van de technische diensten van het ziekenhuis? | C21: 1 | D21: KB 4 maart 1991 | E21: Art 10.§1 | J21: X1 | K21: =C21&J21&G21 -> 1X1 | L21: =IFERROR(VLOOKUP($K21,Mapping!F:H,2,0),"") | M21: =IFERROR(VLOOKUP($K21,Mapping!$F:$H,3,0),"") | N21: =C21&G21 -> 1
A22: 7 | B22: Is de hoofdapotheker lid van de directiecomité? | C22: 3 | D22: Good Practice - Statement VZA | J22: X1 | K22: =C22&J22&G22 -> 3X1 | L22: =IFERROR(VLOOKUP($K22,Mapping!F:H,2,0),"") | M22: =IFERROR(VLOOKUP($K22,Mapping!$F:$H,3,0),"") | N22: =C22&G22 -> 3
A23: 8 | B23: Beschikt de ziekenhuisapotheek over een registratienummer? | C23: 1 | D23: KB 30 sept 2020 | E23: Art 6 | J23: X1 | K23: =C23&J23&G23 -> 1X1 | L23: =IFERROR(VLOOKUP($K23,Mapping!F:H,2,0),"") | M23: =IFERROR(VLOOKUP($K23,Mapping!$F:$H,3,0),"") | N23: =C23&G23 -> 1
A24: 9 | B24: Worden de wijzigingen die van belang zijn voor het registratienummer doorgegeven aan het FAGG? | C24: 1 | D24: KB 30 sept 2020 | E24: Art 7 | J24: X1 | K24: =C24&J24&G24 -> 1X1 | L24: =IFERROR(VLOOKUP($K24,Mapping!F:H,2,0),"") | M24: =IFERROR(VLOOKUP($K24,Mapping!$F:$H,3,0),"") | N24: =C24&G24 -> 1
A25: 10 | B25: Is er een organogram beschikbaar voor het FAGG van de personeelsleden van de ziekenhuisapotheek met hun taken en verantwoordelijkheden? | C25: 1 | D25: KB 30 sept 2020 | E25: Art 4 | J25: X1 | K25: =C25&J25&G25 -> 1X1 | L25: =IFERROR(VLOOKUP($K25,Mapping!F:H,2,0),"") | M25: =IFERROR(VLOOKUP($K25,Mapping!$F:$H,3,0),"") | N25: =C25&G25 -> 1
A26: 11 | B26: Is er een document beschikbaar voor het FAGG waarin de openingsuren en sluitingsuren beschreven staan? | C26: 1 | D26: KB 30 sept 2020 | E26: Art 4 | J26: X1 | K26: =C26&J26&G26 -> 1X1 | L26: =IFERROR(VLOOKUP($K26,Mapping!F:H,2,0),"") | M26: =IFERROR(VLOOKUP($K26,Mapping!$F:$H,3,0),"") | N26: =C26&G26 -> 1
A27: 12 | B27: Zijn alle apothekers ingeschreven bij de Orde van apothekers, hetzij van de provincie van de apotheek voor de titularis, hetzij van de provincie waar hij woont voor de adjunct-apotheker? | C27: 1 | D27: KB nr 80 van 10 nov 1967 | J27: X1 | K27: =C27&J27&G27 -> 1X1 | L27: =IFERROR(VLOOKUP($K27,Mapping!F:H,2,0),"") | M27: =IFERROR(VLOOKUP($K27,Mapping!$F:$H,3,0),"") | N27: =C27&G27 -> 1
A28: 13 | B28: Heeft elke ziekenhuisapotheker een geldig erkenningsnummer als ziekenhuisapotheker? | C28: 1 | D28: KB 22 okt 2012 en Besluit Vlaamse Regering 18 maart 2016 | J28: X1 | K28: =C28&J28&G28 -> 1X1 | L28: =IFERROR(VLOOKUP($K28,Mapping!F:H,2,0),"") | M28: =IFERROR(VLOOKUP($K28,Mapping!$F:$H,3,0),"") | N28: =C28&G28 -> 1
A29: 14 | B29: Heeft elke ziekenhuisapotheker van de dienst een RIZIV-erkenningsnummer voor geneesmiddelen? | C29: 1 | D29: Wet 14 juli 1994 | J29: X1 | K29: =C29&J29&G29 -> 1X1 | L29: =IFERROR(VLOOKUP($K29,Mapping!F:H,2,0),"") | M29: =IFERROR(VLOOKUP($K29,Mapping!$F:$H,3,0),"") | N29: =C29&G29 -> 1
A30: 15 | B30: Heeft elke ziekenhuisapotheker een RIZIV-erkenningsnummer voor kleine bandagisterie? | C30: 3 | D30: Good Practice (enkel verplicht voor titularis) | J30: X1 | K30: =C30&J30&G30 -> 3X1 | L30: =IFERROR(VLOOKUP($K30,Mapping!F:H,2,0),"") | M30: =IFERROR(VLOOKUP($K30,Mapping!$F:$H,3,0),"") | N30: =C30&G30 -> 3
A31: 16 | B31: Heeft elke ziekenhuisapotheker een RIZIV-erkenningsnummer voor de levering invasieve en implantateerbare medische hulpmiddelen? | C31: 3 | D31: Good Practice (enkel verplicht voor titularis) | J31: X1 | K31: =C31&J31&G31 -> 3X1 | L31: =IFERROR(VLOOKUP($K31,Mapping!F:H,2,0),"") | M31: =IFERROR(VLOOKUP($K31,Mapping!$F:$H,3,0),"") | N31: =C31&G31 -> 3
A32: 17 | B32: Is elke apotheker die deel uitmaakt van de ziekenhuisapotheek door de instelling verzekerd voor burgerlijke aansprakelijkheid? | C32: 3 | D32: Good Practice | J32: X1 | K32: =C32&J32&G32 -> 3X1 | L32: =IFERROR(VLOOKUP($K32,Mapping!F:H,2,0),"") | M32: =IFERROR(VLOOKUP($K32,Mapping!$F:$H,3,0),"") | N32: =C32&G32 -> 3
A33: 18 | B33: Is elke apotheker die deel uitmaakt van de ziekenhuisapotheek contractueel verbonden met het ziekenhuis? | C33: 3 | D33: Good Practice | J33: X1 | K33: =C33&J33&G33 -> 3X1 | L33: =IFERROR(VLOOKUP($K33,Mapping!F:H,2,0),"") | M33: =IFERROR(VLOOKUP($K33,Mapping!$F:$H,3,0),"") | N33: =C33&G33 -> 3
A34: 19 | B34: Beschrijft de functieomschrijving de verantwoordelijkheden van de ziekenhuisapotheker zoals de wetgever het voorschrijft? | C34: 3 | D34: Good practice | J34: X1 | K34: =C34&J34&G34 -> 3X1 | L34: =IFERROR(VLOOKUP($K34,Mapping!F:H,2,0),"") | M34: =IFERROR(VLOOKUP($K34,Mapping!$F:$H,3,0),"") | N34: =C34&G34 -> 3
A35: 20 | B35: Beschrijft de functieomschrijving dat de ziekenhuisapotheker-titularis de eindverantwoordelijke is voor alle geneesmiddelen? | C35: 1 | D35: Good practice | J35: X1 | K35: =C35&J35&G35 -> 1X1 | L35: =IFERROR(VLOOKUP($K35,Mapping!F:H,2,0),"") | M35: =IFERROR(VLOOKUP($K35,Mapping!$F:$H,3,0),"") | N35: =C35&G35 -> 1
A36: 21 | B36: Beschrijft de functieomschrijving dat naast de eindverantwoordelijkheid van de ziekenhuisapotheker-titularis, elke ziekenhuisapotheker verantwoordelijk blijft voor de farmaceutische handelingen die hij stelt of waarop hij toezicht houdt? | C36: 3 | D36: Good Practice | J36: X1 | K36: =C36&J36&G36 -> 3X1 | L36: =IFERROR(VLOOKUP($K36,Mapping!F:H,2,0),"") | M36: =IFERROR(VLOOKUP($K36,Mapping!$F:$H,3,0),"") | N36: =C36&G36 -> 3
A37: 22 | B37: Beschrijft de functieomschrijving dat de ziekenhuisapotheker-titularis advies geeft bij het selecteren van het personeel? | C37: 3 | D37: Good Practice | J37: X1 | K37: =C37&J37&G37 -> 3X1 | L37: =IFERROR(VLOOKUP($K37,Mapping!F:H,2,0),"") | M37: =IFERROR(VLOOKUP($K37,Mapping!$F:$H,3,0),"") | N37: =C37&G37 -> 3
A38: 23 | B38: Is er een procedure die beschrijft hoe de apotheker-titularis een contract kan beëindigen van een personeelslid mocht dit nodig zijn? | C38: 3 | D38: Good Practice | J38: X1 | K38: =C38&J38&G38 -> 3X1 | L38: =IFERROR(VLOOKUP($K38,Mapping!F:H,2,0),"") | M38: =IFERROR(VLOOKUP($K38,Mapping!$F:$H,3,0),"") | N38: =C38&G38 -> 3
A39: 24 | B39: Delegeert de apotheker zijn farmaceutische handelingen, die enkel door een farmaceutisch-technische assistent (FTA) mogen worden uitgevoerd, aan een FTA die erkend is door de overheid? | C39: 1 | D39: KB 5 febr 1997 | J39: X1 | K39: =C39&J39&G39 -> 1X1 | L39: =IFERROR(VLOOKUP($K39,Mapping!F:H,2,0),"") | M39: =IFERROR(VLOOKUP($K39,Mapping!$F:$H,3,0),"") | N39: =C39&G39 -> 1
A40: 25 | B40: Bestaat er een actieve samenwerking van de ziekenhuisapotheek met het medisch korps en het verplegend personeel om de klinische activiteiten van de ziekenhuisapotheker te bespreken (bv procedures voor het manipeleren van de geneesmiddelen, aanbevelingen voor het veilig gebruik en toediening, ...)? | C40: 1 | D40: KB 4 maart 1991 | E40: Art 9 | J40: X1 | K40: =C40&J40&G40 -> 1X1 | L40: =IFERROR(VLOOKUP($K40,Mapping!F:H,2,0),"") | M40: =IFERROR(VLOOKUP($K40,Mapping!$F:$H,3,0),"") | N40: =C40&G40 -> 1
A41: 26 | B41: Is er een bij naam aangeduide ziekenhuisapotheker verantwoordelijk voor de kwaliteitsbewaking op CSA (zichtbaar organigram)? | C41: 1 | D41: KB 4 maart 1991 en KB 30 sept 2020 Bijlage IIa Hfdst I.2 | J41: X1 | K41: =C41&J41&G41 -> 1X1 | L41: =IFERROR(VLOOKUP($K41,Mapping!F:H,2,0),"") | M41: =IFERROR(VLOOKUP($K41,Mapping!$F:$H,3,0),"") | N41: =C41&G41 -> 1
A42: 27 | B42: Zijn de organisatorische en/of hiërarchische relaties tussen de apotheker die verantwoordelijk is voor de kwaliteitsbewaking en de operationele verantwoordelijke gedefinieerd in het organigram van het ziekenhuis, gekend zowel op het vlak van de functies als op het vlak van de verantwoordelijkheden? | C42: 1 | D42: KB 30 sept 2020 Bijlage IIa Hfdst 1.2 | J42: X1 | K42: =C42&J42&G42 -> 1X1 | L42: =IFERROR(VLOOKUP($K42,Mapping!F:H,2,0),"") | M42: =IFERROR(VLOOKUP($K42,Mapping!$F:$H,3,0),"") | N42: =C42&G42 -> 1
A43: 28 | B43: Maakt de dienst Nucleaire geneeskunde deel uit van het organigram of is er een SLA tussen de apotheek en de dienst Nucleaire geneeskunde betreffende de wettelijke verantwoordelijkheden met betrekking tot de radiofarmaca? | C43: 1 | D43: KB 4 maart 1991 | E43: Art 9.8° | J43: X1 | K43: =C43&J43&G43 -> 1X1 | L43: =IFERROR(VLOOKUP($K43,Mapping!F:H,2,0),"") | M43: =IFERROR(VLOOKUP($K43,Mapping!$F:$H,3,0),"") | N43: =C43&G43 -> 1
A44: 29 | B44: Is er een samenwerkingsovereenkomst indien de ziekenhuisapotheek bepaalde magistrale bereidingen, de sterilisatie of de eenheidsverpakkingen uitbesteedt? | C44: 1 | D44: KB 30 sept 2020 | E44: Art 22 | J44: X1 | K44: =C44&J44&G44 -> 1X1 | L44: =IFERROR(VLOOKUP($K44,Mapping!F:H,2,0),"") | M44: =IFERROR(VLOOKUP($K44,Mapping!$F:$H,3,0),"") | N44: =C44&G44 -> 1
A45: 30 | B45: Beschrijft deze samenwerkingsovereenkomst de technische en organisatorische maatregelen met betrekking tot de beveiliging van de patiëntgegevens? | C45: 1 | D45: KB 30 sept 2020 | E45: Art 22 | J45: X1 | K45: =C45&J45&G45 -> 1X1 | L45: =IFERROR(VLOOKUP($K45,Mapping!F:H,2,0),"") | M45: =IFERROR(VLOOKUP($K45,Mapping!$F:$H,3,0),"") | N45: =C45&G45 -> 1
A46: 31 | B46: Beschrijft deze samenwerkingsovereenkomst de taken en verantwoordelijkheden? | C46: 1 | D46: KB 30 sept 2020 | E46: Art 22 | J46: X1 | K46: =C46&J46&G46 -> 1X1 | L46: =IFERROR(VLOOKUP($K46,Mapping!F:H,2,0),"") | M46: =IFERROR(VLOOKUP($K46,Mapping!$F:$H,3,0),"") | N46: =C46&G46 -> 1
A47: 32 | B47: Bestaat er in de apotheek (en eventueel in het ziekenhuis) een instantie die de evolutie van de normen, aanbevelingen en wettelijke vereisten opvolgt en ze formeel naar de betrokken personen verspreidt? | C47: 3 | D47: Good practice | J47: X1 | K47: =C47&J47&G47 -> 3X1 | L47: =IFERROR(VLOOKUP($K47,Mapping!F:H,2,0),"") | M47: =IFERROR(VLOOKUP($K47,Mapping!$F:$H,3,0),"") | N47: =C47&G47 -> 3
A48: 33 | B48: Worden de wijzigingen van normen, richtlijnen en wettelijke aanbevelingen en van de akkoorden tussen de diensten op een formele manier besproken (rapporten) in de commissies van het ziekenhuis? | C48: 3 | D48: Good practice | J48: X1 | K48: =C48&J48&G48 -> 3X1 | L48: =IFERROR(VLOOKUP($K48,Mapping!F:H,2,0),"") | M48: =IFERROR(VLOOKUP($K48,Mapping!$F:$H,3,0),"") | N48: =C48&G48 -> 3
A49: 34 | B49: Worden de wijzigingen van normen, richtlijnen en wettelijke aanbevelingen en van de akkoorden tussen de diensten op een formele manier besproken (rapporten) in de apotheek ? | C49: 3 | D49: Good practice | J49: X1 | K49: =C49&J49&G49 -> 3X1 | L49: =IFERROR(VLOOKUP($K49,Mapping!F:H,2,0),"") | M49: =IFERROR(VLOOKUP($K49,Mapping!$F:$H,3,0),"") | N49: =C49&G49 -> 3
A50: 35 | B50: Is er een duidelijk beleidsplan van de apotheek beschikbaar? | C50: 1 | D50: KB 4 maart 1991 | J50: X1 | K50: =C50&J50&G50 -> 1X1 | L50: =IFERROR(VLOOKUP($K50,Mapping!F:H,2,0),"") | M50: =IFERROR(VLOOKUP($K50,Mapping!$F:$H,3,0),"") | N50: =C50&G50 -> 1
A51: 36 | B51: Wordt het beleidsplan regelmatig opgevolgd door de ziekenhuisapotheker-titularis? | C51: 3 | D51: Good Practice | J51: X1 | K51: =C51&J51&G51 -> 3X1 | L51: =IFERROR(VLOOKUP($K51,Mapping!F:H,2,0),"") | M51: =IFERROR(VLOOKUP($K51,Mapping!$F:$H,3,0),"") | N51: =C51&G51 -> 3
A52: 37 | B52: Wordt het beleidsplan besproken met alle personeelsleden van de apotheek? | C52: 3 | D52: Good Practice | J52: X1 | K52: =C52&J52&G52 -> 3X1 | L52: =IFERROR(VLOOKUP($K52,Mapping!F:H,2,0),"") | M52: =IFERROR(VLOOKUP($K52,Mapping!$F:$H,3,0),"") | N52: =C52&G52 -> 3
A53: 38 | B53: Beschikt de apotheek over een geactualiseerd kwaliteitsbeleid? | C53: 1 | D53: KB 30 sept 2020 | E53: Bijlage I.A | J53: X1 | K53: =C53&J53&G53 -> 1X1 | L53: =IFERROR(VLOOKUP($K53,Mapping!F:H,2,0),"") | M53: =IFERROR(VLOOKUP($K53,Mapping!$F:$H,3,0),"") | N53: =C53&G53 -> 1
A54: 39 | B54: Is er een jaarlijkse audit rond het beheer van de ziekenhuisapotheek? | C54: 2 | D54: ISO | J54: X1 | K54: =C54&J54&G54 -> 2X1 | L54: =IFERROR(VLOOKUP($K54,Mapping!F:H,2,0),"") | M54: =IFERROR(VLOOKUP($K54,Mapping!$F:$H,3,0),"") | N54: =C54&G54 -> 2
A55: 40 | B55: Is er een jaarverslag waarin de ziekenhuisapotheker de werking van de ziekenhuisapotheek documenteert? | C55: 1 | D55: KB 30 sept 2020 Bijlage I.B - KB 4 maart 1991 | J55: X1 | K55: =C55&J55&G55 -> 1X1 | L55: =IFERROR(VLOOKUP($K55,Mapping!F:H,2,0),"") | M55: =IFERROR(VLOOKUP($K55,Mapping!$F:$H,3,0),"") | N55: =C55&G55 -> 1
A56: 41 | B56: Wordt in het jaarverslag de evolutie weergegeven per onderdeel van het farmaceutisch proces door middel van kwaliteitsindicatoren en activiteitsindicatoren? | C56: 1 | D56: KB 30 sept 2020 | E56: Bijlage 1 B | J56: X1 | K56: =C56&J56&G56 -> 1X1 | L56: =IFERROR(VLOOKUP($K56,Mapping!F:H,2,0),"") | M56: =IFERROR(VLOOKUP($K56,Mapping!$F:$H,3,0),"") | N56: =C56&G56 -> 1
A57: 42 | B57: Geeft het jaarverslag een overzicht van alle verwezelijkingen, doelstellingen en geplande projecten? | C57: 1 | D57: KB 30 sept 2020 | E57: Bijlage 1 B | J57: X1 | K57: =C57&J57&G57 -> 1X1 | L57: =IFERROR(VLOOKUP($K57,Mapping!F:H,2,0),"") | M57: =IFERROR(VLOOKUP($K57,Mapping!$F:$H,3,0),"") | N57: =C57&G57 -> 1
A58: III | B58: Taken van de ziekenhuisapotheker | C58: Progress :: | G58: =SUBTOTAL(3,G61:G153)/(SUBTOTAL(3,C61:C153)-6) -> 0 | L58: =SUBTOTAL(9,L61:L153) -> 0 | M58: =SUBTOTAL(9,M61:M153) -> 0
B59: AUDITVRAGEN
B60: Controleer altijd de documentatie en de toepassing op de werkvloer.
A61: a | B61: Werkplanning | C61: Progress :: | G61: =SUBTOTAL(3,G62:G71)/SUBTOTAL(3,C62:C71) -> 0 | L61: =SUBTOTAL(9,L62:L71) -> 0 | M61: =SUBTOTAL(9,M62:M71) -> 0
A62: 1 | B62: Zijn de bevoegdheden van iedere medewerker vastgelegd in procedures? | C62: 1 | D62: KB 30 sept 2020 | E62: Bijlage I.B | J62: X1 | K62: =C62&J62&G62 -> 1X1 | L62: =IFERROR(VLOOKUP($K62,Mapping!F:H,2,0),"") | M62: =IFERROR(VLOOKUP($K62,Mapping!$F:$H,3,0),"") | N62: =C62&G62 -> 1
A63: 2 | B63: Is er een duidelijke en evenwichtige werkplanning beschikbaar voor alle medewerkers? | C63: 1 | D63: KB 30 sept 2020 | E63: Bijlage I.B | J63: X1 | K63: =C63&J63&G63 -> 1X1 | L63: =IFERROR(VLOOKUP($K63,Mapping!F:H,2,0),"") | M63: =IFERROR(VLOOKUP($K63,Mapping!$F:$H,3,0),"") | N63: =C63&G63 -> 1
A64: 3 | B64: Bestaat er een planning van de verantwoordelijkheden die aan elke apotheker worden toegewezen in overeenstemming met de verschillende farmaceutische activiteiten? | C64: 3 | D64: Good Practice | J64: X1 | K64: =C64&J64&G64 -> 3X1 | L64: =IFERROR(VLOOKUP($K64,Mapping!F:H,2,0),"") | M64: =IFERROR(VLOOKUP($K64,Mapping!$F:$H,3,0),"") | N64: =C64&G64 -> 3
A65: 4 | B65: Weet elke apotheker elke dag, op basis van de opgestelde planning, welke verantwoordelijkheden hij of zij heeft binnen de dienst? | C65: 3 | D65: Good Practice | J65: X1 | K65: =C65&J65&G65 -> 3X1 | L65: =IFERROR(VLOOKUP($K65,Mapping!F:H,2,0),"") | M65: =IFERROR(VLOOKUP($K65,Mapping!$F:$H,3,0),"") | N65: =C65&G65 -> 3
A66: 5 | B66: Is de continuïteit van de verantwoordelijkheden over de verschillende farmaceutische activiteiten permanent gewaarborgd? | C66: 3 | D66: Good Practice | J66: X1 | K66: =C66&J66&G66 -> 3X1 | L66: =IFERROR(VLOOKUP($K66,Mapping!F:H,2,0),"") | M66: =IFERROR(VLOOKUP($K66,Mapping!$F:$H,3,0),"") | N66: =C66&G66 -> 3
A67: 6 | B67: Bestaat er een specifieke bijgewerkte planning tijdens de vakantiedagen om de continuïteit van de verantwoordelijkheden over de verschillende farmaceutische activiteiten permanent te waarborgen? | C67: 3 | D67: Good Practice | J67: X1 | K67: =C67&J67&G67 -> 3X1 | L67: =IFERROR(VLOOKUP($K67,Mapping!F:H,2,0),"") | M67: =IFERROR(VLOOKUP($K67,Mapping!$F:$H,3,0),"") | N67: =C67&G67 -> 3
A68: 7 | B68: Ontvangt elke niet-apotheker van de dienst een dagelijkse joblist, opgesteld door zijn verantwoordelijke (apotheker) ? | C68: 3 | D68: Good Practice | J68: X1 | K68: =C68&J68&G68 -> 3X1 | L68: =IFERROR(VLOOKUP($K68,Mapping!F:H,2,0),"") | M68: =IFERROR(VLOOKUP($K68,Mapping!$F:$H,3,0),"") | N68: =C68&G68 -> 3
A69: 8 | B69: Heeft de ziekenhuisapotheker-titularis minstens jaarlijks een gedocumenteerde bespreking met alle lijnverantwoordelijken over de efficiëntie en outcome van de sleutelprocessen van de farmaceutische activiteiten? | C69: 3 | D69: Good Practice | J69: X1 | K69: =C69&J69&G69 -> 3X1 | L69: =IFERROR(VLOOKUP($K69,Mapping!F:H,2,0),"") | M69: =IFERROR(VLOOKUP($K69,Mapping!$F:$H,3,0),"") | N69: =C69&G69 -> 3
A70: 9 | B70: Bestaat er een overzicht van de werklast van de verschillende afdelingen van de apotheek? | C70: 3 | D70: Good Practice | J70: X1 | K70: =C70&J70&G70 -> 3X1 | L70: =IFERROR(VLOOKUP($K70,Mapping!F:H,2,0),"") | M70: =IFERROR(VLOOKUP($K70,Mapping!$F:$H,3,0),"") | N70: =C70&G70 -> 3
A71: 10 | B71: Bestaat er een regelmatige opvolging door middel van dit overzicht van de werklast van de verschillende afdelingen van de apotheek? | C71: 3 | D71: Good Practice | J71: X1 | K71: =C71&J71&G71 -> 3X1 | L71: =IFERROR(VLOOKUP($K71,Mapping!F:H,2,0),"") | M71: =IFERROR(VLOOKUP($K71,Mapping!$F:$H,3,0),"") | N71: =C71&G71 -> 3
A72: b | B72: Onderzoeks- en onderwijsactiviteiten | C72: Progress :: | G72: =SUBTOTAL(3,G73:G83)/SUBTOTAL(3,C73:C83) -> 0 | L72: =SUBTOTAL(9,L73:L83) -> 0 | M72: =SUBTOTAL(9,M73:M83) -> 0
A73: 1 | B73: Voeren de ziekenhuisapothekers opleidingsactiviteiten uit in het ziekenhuis? | C73: 1 | D73: KB 4 maar 1991 | E73: Art 14 | J73: X1 | K73: =C73&J73&G73 -> 1X1 | L73: =IFERROR(VLOOKUP($K73,Mapping!F:H,2,0),"") | M73: =IFERROR(VLOOKUP($K73,Mapping!$F:$H,3,0),"") | N73: =C73&G73 -> 1
A74: 2 | B74: Voeren de ziekenhuisapothekers onderzoeksactiviteiten uit in het ziekenhuis? | C74: 1 | D74: KB 4 maar 1991 | E74: Art 14 | J74: X1 | K74: =C74&J74&G74 -> 1X1 | L74: =IFERROR(VLOOKUP($K74,Mapping!F:H,2,0),"") | M74: =IFERROR(VLOOKUP($K74,Mapping!$F:$H,3,0),"") | N74: =C74&G74 -> 1
A75: 3 | B75: Worden er in de dienst regelmatig teamvergaderingen (of stafvergaderingen) georganiseerd (bijvoorbeeld maandelijks) met het oog op het verbeteren van de organisatie en betrokkenheid in het beleid van de apotheek? | C75: 3 | D75: Good Practice | J75: X1 | K75: =C75&J75&G75 -> 3X1 | L75: =IFERROR(VLOOKUP($K75,Mapping!F:H,2,0),"") | M75: =IFERROR(VLOOKUP($K75,Mapping!$F:$H,3,0),"") | N75: =C75&G75 -> 3
A76: 4 | B76: Zorgen de ziekenhuisapothekers voor presentaties, posters, op nationale en/of internationale congressen? | C76: 3 | D76: Good Practice | J76: X1 | K76: =C76&J76&G76 -> 3X1 | L76: =IFERROR(VLOOKUP($K76,Mapping!F:H,2,0),"") | M76: =IFERROR(VLOOKUP($K76,Mapping!$F:$H,3,0),"") | N76: =C76&G76 -> 3
A77: 5 | B77: Zorgen niet-apothekers van de dienst voor presentaties, posters, op nationale en/of internationale congressen? | C77: 3 | D77: Good Practice | J77: X1 | K77: =C77&J77&G77 -> 3X1 | L77: =IFERROR(VLOOKUP($K77,Mapping!F:H,2,0),"") | M77: =IFERROR(VLOOKUP($K77,Mapping!$F:$H,3,0),"") | N77: =C77&G77 -> 3
A78: 6 | B78: Schrijven ziekenhuisapothekers wetenschappelijke artikels voor nationale of internationale tijdschriften? | C78: 3 | D78: Good Practice | J78: X1 | K78: =C78&J78&G78 -> 3X1 | L78: =IFERROR(VLOOKUP($K78,Mapping!F:H,2,0),"") | M78: =IFERROR(VLOOKUP($K78,Mapping!$F:$H,3,0),"") | N78: =C78&G78 -> 3
A79: 7 | B79: Schrijven niet-apothekers van de dienst wetenschappelijke artikels voor nationale of internationale tijdschriften? | C79: 3 | D79: Good Practice | J79: X1 | K79: =C79&J79&G79 -> 3X1 | L79: =IFERROR(VLOOKUP($K79,Mapping!F:H,2,0),"") | M79: =IFERROR(VLOOKUP($K79,Mapping!$F:$H,3,0),"") | N79: =C79&G79 -> 3
A80: 8 | B80: Schrijven ziekenhuisapothekers van de dienst artikels of boeken voor patiëntengroepen of -verenigingen? | C80: 3 | D80: Good Practice | J80: X1 | K80: =C80&J80&G80 -> 3X1 | L80: =IFERROR(VLOOKUP($K80,Mapping!F:H,2,0),"") | M80: =IFERROR(VLOOKUP($K80,Mapping!$F:$H,3,0),"") | N80: =C80&G80 -> 3
A81: 9 | B81: Schrijven niet-apothekers van de dienst artikels of boeken voor patiëntengroepen of -verenigingen? | C81: 3 | D81: Good Practice | J81: X1 | K81: =C81&J81&G81 -> 3X1 | L81: =IFERROR(VLOOKUP($K81,Mapping!F:H,2,0),"") | M81: =IFERROR(VLOOKUP($K81,Mapping!$F:$H,3,0),"") | N81: =C81&G81 -> 3
A82: 10 | B82: Zijn alle wetenschappelijke activiteiten opgenomen in een database die up-to-date wordt gehouden? | C82: 3 | D82: Good Practice | J82: X1 | K82: =C82&J82&G82 -> 3X1 | L82: =IFERROR(VLOOKUP($K82,Mapping!F:H,2,0),"") | M82: =IFERROR(VLOOKUP($K82,Mapping!$F:$H,3,0),"") | N82: =C82&G82 -> 3
A83: 11 | B83: Wordt er een exemplaar van alle documenten in verband met deze activiteiten (bv.: Powerpointpresentatie, affiche, enz.) bewaard bij de dienst, eventueel elektronisch in deze database? | C83: 3 | D83: Good Practice | J83: X1 | K83: =C83&J83&G83 -> 3X1 | L83: =IFERROR(VLOOKUP($K83,Mapping!F:H,2,0),"") | M83: =IFERROR(VLOOKUP($K83,Mapping!$F:$H,3,0),"") | N83: =C83&G83 -> 3
A84: c | B84: Wachtdienst | C84: Progress :: | G84: =SUBTOTAL(3,G85:G89)/SUBTOTAL(3,C85:C89) -> 0 | L84: =SUBTOTAL(9,L85:L89) -> 0 | M84: =SUBTOTAL(9,M85:M89) -> 0
A85: 1 | B85: Organiseert de ziekenhuisapotheker-titularis de wachtdienst om een permanentie te garanderen buiten de openingsuren van de dienst? | C85: 1 | D85: KB 4 maart 1991 | E85: Art 13 | J85: X1 | K85: =C85&J85&G85 -> 1X1 | L85: =IFERROR(VLOOKUP($K85,Mapping!F:H,2,0),"") | M85: =IFERROR(VLOOKUP($K85,Mapping!$F:$H,3,0),"") | N85: =C85&G85 -> 1
A86: 2 | B86: Is deze wachtdienst georganiseerd met minimum drie voltijdse ziekenhuisapothekers of hun equivalent? | C86: 1 | D86: KB 4 maart 1991 | E86: Art 13.§4 | J86: X1 | K86: =C86&J86&G86 -> 1X1 | L86: =IFERROR(VLOOKUP($K86,Mapping!F:H,2,0),"") | M86: =IFERROR(VLOOKUP($K86,Mapping!$F:$H,3,0),"") | N86: =C86&G86 -> 1
A87: 3 | B87: Is er een geformaliseerd samenwerkingsverband indien de wacht over meerdere ziekenhuizen wordt georganiseerd? | C87: 1 | D87: KB 4 maart 1991 | E87: Art 13 | J87: X1 | K87: =C87&J87&G87 -> 1X1 | L87: =IFERROR(VLOOKUP($K87,Mapping!F:H,2,0),"") | M87: =IFERROR(VLOOKUP($K87,Mapping!$F:$H,3,0),"") | N87: =C87&G87 -> 1
A88: 4 | B88: Is de procedure rond beschikbaarheid van de apotheker van wacht goed gekend door alle zorgverstrekkers? | C88: 3 | D88: Good Practice | J88: X1 | K88: =C88&J88&G88 -> 3X1 | L88: =IFERROR(VLOOKUP($K88,Mapping!F:H,2,0),"") | M88: =IFERROR(VLOOKUP($K88,Mapping!$F:$H,3,0),"") | N88: =C88&G88 -> 3
A89: 5 | B89: Is de organisatie van de wachtdienst permanent raadpleegbaar door de zorgverleners? | C89: 3 | D89: Good Practice | J89: X1 | K89: =C89&J89&G89 -> 3X1 | L89: =IFERROR(VLOOKUP($K89,Mapping!F:H,2,0),"") | M89: =IFERROR(VLOOKUP($K89,Mapping!$F:$H,3,0),"") | N89: =C89&G89 -> 3
A90: d | B90: Rampenplan | C90: Progress :: | G90: =SUBTOTAL(3,G91:G95)/SUBTOTAL(3,C91:C95) -> 0 | L90: =SUBTOTAL(9,L91:L95) -> 0 | M90: =SUBTOTAL(9,M91:M95) -> 0
A91: 1 | B91: Is de ziekenhuisapotheek betrokken bij het rampenplan van het ziekenhuis? | C91: 3 | D91: Good Practice | J91: X1 | K91: =C91&J91&G91 -> 3X1 | L91: =IFERROR(VLOOKUP($K91,Mapping!F:H,2,0),"") | M91: =IFERROR(VLOOKUP($K91,Mapping!$F:$H,3,0),"") | N91: =C91&G91 -> 3
A92: 2 | B92: Houdt de apotheek de gegevens van het rampenplan voortdurend up-to-date? | C92: 3 | D92: Good Practice | J92: X1 | K92: =C92&J92&G92 -> 3X1 | L92: =IFERROR(VLOOKUP($K92,Mapping!F:H,2,0),"") | M92: =IFERROR(VLOOKUP($K92,Mapping!$F:$H,3,0),"") | N92: =C92&G92 -> 3
A93: 3 | B93: Bestaat er een cascade-systeem van opeenvolgende oproepen voor het personeel van de ziekenhuisapotheek in geval van een ramp? | C93: 3 | D93: Good Practice | J93: X1 | K93: =C93&J93&G93 -> 3X1 | L93: =IFERROR(VLOOKUP($K93,Mapping!F:H,2,0),"") | M93: =IFERROR(VLOOKUP($K93,Mapping!$F:$H,3,0),"") | N93: =C93&G93 -> 3
A94: 4 | B94: Is de voorraad specifieke geneesmiddelen voor het rampenplan in orde (hoeveelheid, houdbaarheid, bewaring toegang, enz.)? | C94: 3 | D94: Good Practice | J94: X1 | K94: =C94&J94&G94 -> 3X1 | L94: =IFERROR(VLOOKUP($K94,Mapping!F:H,2,0),"") | M94: =IFERROR(VLOOKUP($K94,Mapping!$F:$H,3,0),"") | N94: =C94&G94 -> 3
A95: 5 | B95: Is de noodvoorraad verplicht vanuit de overheid van bepaalde specifieke geneesmiddelen aanwezig in de apotheek (bv: injecteerbare atropine en kaliumjodide) | C95: 1 | D95: KB 21 maart 2018 | J95: X1 | K95: =C95&J95&G95 -> 1X1 | L95: =IFERROR(VLOOKUP($K95,Mapping!F:H,2,0),"") | M95: =IFERROR(VLOOKUP($K95,Mapping!$F:$H,3,0),"") | N95: =C95&G95 -> 1
A96: e | B96: Samenwerking | C96: Progress :: | G96: =SUBTOTAL(3,G97:G122)/SUBTOTAL(3,C97:C122) -> 0 | L96: =SUBTOTAL(9,L97:L122) -> 0 | M96: =SUBTOTAL(9,M97:M122) -> 0
A97: 1 | B97: Is er een actieve samenwerking met (doelstellingen, projecten, planning, verantwoordelijkheden, enz.) de dienst kwaliteit van het ziekenhuis? | C97: 3 | D97: Good Practice | J97: X1 | K97: =C97&J97&G97 -> 3X1 | L97: =IFERROR(VLOOKUP($K97,Mapping!F:H,2,0),"") | M97: =IFERROR(VLOOKUP($K97,Mapping!$F:$H,3,0),"") | N97: =C97&G97 -> 3
A98: 2 | B98: Is er een actieve samenwerking met (doelstellingen, projecten, planning, verantwoordelijkheden, enz.) het verpleegkundig departement? | C98: 1 | D98: KB 4 maart 1991 | E98: Art 9 en 10 | J98: X1 | K98: =C98&J98&G98 -> 1X1 | L98: =IFERROR(VLOOKUP($K98,Mapping!F:H,2,0),"") | M98: =IFERROR(VLOOKUP($K98,Mapping!$F:$H,3,0),"") | N98: =C98&G98 -> 1
A99: 3 | B99: Is er een actieve samenwerking met (doelstellingen, projecten, planning, verantwoordelijkheden, enz.) de medische diensten en/of de medische directeur? | C99: 1 | D99: KB 4 maart 1991 | E99: Art 9 en 10 | J99: X1 | K99: =C99&J99&G99 -> 1X1 | L99: =IFERROR(VLOOKUP($K99,Mapping!F:H,2,0),"") | M99: =IFERROR(VLOOKUP($K99,Mapping!$F:$H,3,0),"") | N99: =C99&G99 -> 1
A100: 4 | B100: Is er een actieve samenwerking met (doelstellingen, projecten, planning, verantwoordelijkheden, enz.) de communicatie- en informatiediensten van het ziekenhuis (bv.: beheer van het intranet/de website van de apotheek, enz.)? | C100: 3 | D100: Good Practice | J100: X1 | K100: =C100&J100&G100 -> 3X1 | L100: =IFERROR(VLOOKUP($K100,Mapping!F:H,2,0),"") | M100: =IFERROR(VLOOKUP($K100,Mapping!$F:$H,3,0),"") | N100: =C100&G100 -> 3
A101: 5 | B101: Is er een actieve samenwerking met (doelstellingen, projecten, planning, verantwoordelijkheden, enz.) de technische en de biotechnische dienst? | C101: 3 | D101: Good Practice | J101: X1 | K101: =C101&J101&G101 -> 3X1 | L101: =IFERROR(VLOOKUP($K101,Mapping!F:H,2,0),"") | M101: =IFERROR(VLOOKUP($K101,Mapping!$F:$H,3,0),"") | N101: =C101&G101 -> 3
...

Sheet rapport
B1: MAEIA Algemeen Beheer Rapport
A3: Date : | I3: Adapt these cells
A4: Ziekenhuis : | I4: Adapt these cells
A5: Hoofdapotheker : | I5: Adapt these cells
A6: Auditeur naam : | I6: Adapt these cells
C7: Max | D7: Score
A8: Total score | C8: ='auditvragen algemeen beheer '!L3 -> 3 | D8: ='auditvragen algemeen beheer '!M3 -> 3 | K8: Make sure total is correct | L8: Make sure total is correct
A9: ='auditvragen algemeen beheer '!A7 -> I | B9: ='auditvragen algemeen beheer '!B7 -> Kwaliteitsopvolging van het sterilisatieproces | C9: ='auditvragen algemeen beheer '!L7 -> 3 | D9: ='auditvragen algemeen beheer '!M7 -> 3 | H9: Copy Paste visible cells from questionnaire sheet | I9: Copy Paste visible cells from questionnaire sheet | J9: Copy Paste visible cells from questionnaire sheet | K9: Copy Paste visible cells from questionnaire sheet | L9: Copy Paste visible cells from questionnaire sheet
A10: ='auditvragen algemeen beheer '!A13 -> II | B10: ='auditvragen algemeen beheer '!B13 -> Algemeen beheer | C10: ='auditvragen algemeen beheer '!L13 -> 0 | D10: ='auditvragen algemeen beheer '!M13 -> 0 | H10: Copy Paste visible cells from questionnaire sheet | I10: Copy Paste visible cells from questionnaire sheet | J10: Copy Paste visible cells from questionnaire sheet | K10: Copy Paste visible cells from questionnaire sheet | L10: Copy Paste visible cells from questionnaire sheet
A11: ='auditvragen algemeen beheer '!A58 -> III | B11: ='auditvragen algemeen beheer '!B58 -> Taken van de ziekenhuisapotheker | C11: ='auditvragen algemeen beheer '!L58 -> 0 | D11: ='auditvragen algemeen beheer '!M58 -> 0 | H11: Copy Paste visible cells from questionnaire sheet | I11: Copy Paste visible cells from questionnaire sheet | J11: Copy Paste visible cells from questionnaire sheet | K11: Copy Paste visible cells from questionnaire sheet | L11: Copy Paste visible cells from questionnaire sheet
A12: ='auditvragen algemeen beheer '!A61 -> a | B12: ='auditvragen algemeen beheer '!B61 -> Werkplanning | C12: ='auditvragen algemeen beheer '!L61 -> 0 | D12: ='auditvragen algemeen beheer '!M61 -> 0 | H12: Copy Paste visible cells from questionnaire sheet | I12: Copy Paste visible cells from questionnaire sheet | J12: Copy Paste visible cells from questionnaire sheet | K12: Copy Paste visible cells from questionnaire sheet | L12: Copy Paste visible cells from questionnaire sheet
A13: ='auditvragen algemeen beheer '!A72 -> b | B13: ='auditvragen algemeen beheer '!B72 -> Onderzoeks- en onderwijsactiviteiten | C13: ='auditvragen algemeen beheer '!L72 -> 0 | D13: ='auditvragen algemeen beheer '!M72 -> 0 | H13: Copy Paste visible cells from questionnaire sheet | I13: Copy Paste visible cells from questionnaire sheet | J13: Copy Paste visible cells from questionnaire sheet | K13: Copy Paste visible cells from questionnaire sheet | L13: Copy Paste visible cells from questionnaire sheet
A14: ='auditvragen algemeen beheer '!A84 -> c | B14: ='auditvragen algemeen beheer '!B84 -> Wachtdienst | C14: ='auditvragen algemeen beheer '!L84 -> 0 | D14: ='auditvragen algemeen beheer '!M84 -> 0
A15: ='auditvragen algemeen beheer '!A90 -> d | B15: ='auditvragen algemeen beheer '!B90 -> Rampenplan | C15: ='auditvragen algemeen beheer '!L90 -> 0 | D15: ='auditvragen algemeen beheer '!M90 -> 0
A16: ='auditvragen algemeen beheer '!A96 -> e | B16: ='auditvragen algemeen beheer '!B96 -> Samenwerking | C16: ='auditvragen algemeen beheer '!L96 -> 0 | D16: ='auditvragen algemeen beheer '!M96 -> 0
A17: ='auditvragen algemeen beheer '!A123 -> f | B17: ='auditvragen algemeen beheer '!B123 -> Documentatie | C17: ='auditvragen algemeen beheer '!L123 -> 0 | D17: ='auditvragen algemeen beheer '!M123 -> 0
A18: ='auditvragen algemeen beheer '!A154 -> IV | B18: ='auditvragen algemeen beheer '!B154 -> Infrastructuur en uitrusting | C18: ='auditvragen algemeen beheer '!L154 -> 0 | D18: ='auditvragen algemeen beheer '!M154 -> 0 | H18: Copy Paste visible cells from questionnaire sheet | I18: Copy Paste visible cells from questionnaire sheet | J18: Copy Paste visible cells from questionnaire sheet | K18: Copy Paste visible cells from questionnaire sheet | L18: Copy Paste visible cells from questionnaire sheet
A19: ='auditvragen algemeen beheer '!A157 -> a | B19: ='auditvragen algemeen beheer '!B157 -> Infrastructuur | C19: ='auditvragen algemeen beheer '!L157 -> 0 | D19: ='auditvragen algemeen beheer '!M157 -> 0 | H19: Copy Paste visible cells from questionnaire sheet | I19: Copy Paste visible cells from questionnaire sheet | J19: Copy Paste visible cells from questionnaire sheet | K19: Copy Paste visible cells from questionnaire sheet | L19: Copy Paste visible cells from questionnaire sheet
A20: ='auditvragen algemeen beheer '!A177 -> b | B20: ='auditvragen algemeen beheer '!B177 -> Uitrusting | C20: ='auditvragen algemeen beheer '!L177 -> 0 | D20: ='auditvragen algemeen beheer '!M177 -> 0 | H20: Copy Paste visible cells from questionnaire sheet | I20: Copy Paste visible cells from questionnaire sheet | J20: Copy Paste visible cells from questionnaire sheet | K20: Copy Paste visible cells from questionnaire sheet | L20: Copy Paste visible cells from questionnaire sheet
A21: ='auditvragen algemeen beheer '!A194 -> V | B21: ='auditvragen algemeen beheer '!B194 -> Financieel beheer | C21: ='auditvragen algemeen beheer '!L194 -> 0 | D21: ='auditvragen algemeen beheer '!M194 -> 0 | H21: Copy Paste visible cells from questionnaire sheet | I21: Copy Paste visible cells from questionnaire sheet | J21: Copy Paste visible cells from questionnaire sheet | K21: Copy Paste visible cells from questionnaire sheet | L21: Copy Paste visible cells from questionnaire sheet
A22: ='auditvragen algemeen beheer '!A197 -> a | B22: ='auditvragen algemeen beheer '!B197 -> Algemeen | C22: ='auditvragen algemeen beheer '!L197 -> 0 | D22: ='auditvragen algemeen beheer '!M197 -> 0 | H22: Copy Paste visible cells from questionnaire sheet | I22: Copy Paste visible cells from questionnaire sheet | J22: Copy Paste visible cells from questionnaire sheet | K22: Copy Paste visible cells from questionnaire sheet | L22: Copy Paste visible cells from questionnaire sheet
A23: ='auditvragen algemeen beheer '!A231 -> b | B23: ='auditvragen algemeen beheer '!B231 -> Financieel beheer van de farmaceutische specialiteiten | C23: ='auditvragen algemeen beheer '!L231 -> 0 | D23: ='auditvragen algemeen beheer '!M231 -> 0 | H23: Copy Paste visible cells from questionnaire sheet | I23: Copy Paste visible cells from questionnaire sheet | J23: Copy Paste visible cells from questionnaire sheet | K23: Copy Paste visible cells from questionnaire sheet | L23: Copy Paste visible cells from questionnaire sheet
A24: ='auditvragen algemeen beheer '!A255 -> c | B24: ='auditvragen algemeen beheer '!B255 -> Financieel beheer van invasieve en implanteerbare medische hulpmiddelen | C24: ='auditvragen algemeen beheer '!L255 -> 0 | D24: ='auditvragen algemeen beheer '!M255 -> 0
A25: ='auditvragen algemeen beheer '!A278 -> d | B25: ='auditvragen algemeen beheer '!B278 -> Financieel beheer van niet aanrekenbare medische hulpmiddelen | C25: ='auditvragen algemeen beheer '!L278 -> 0 | D25: ='auditvragen algemeen beheer '!M278 -> 0
A26: ='auditvragen algemeen beheer '!A283 -> e | B26: ='auditvragen algemeen beheer '!B283 -> Boordtabellen | C26: ='auditvragen algemeen beheer '!L283 -> 0 | D26: ='auditvragen algemeen beheer '!M283 -> 0
A27: ='auditvragen algemeen beheer '!A299 -> VI | B27: ='auditvragen algemeen beheer '!B299 -> Personeelsbeleid | C27: ='auditvragen algemeen beheer '!L299 -> 0 | D27: ='auditvragen algemeen beheer '!M299 -> 0 | H27: Copy Paste visible cells from questionnaire sheet | I27: Copy Paste visible cells from questionnaire sheet | J27: Copy Paste visible cells from questionnaire sheet | K27: Copy Paste visible cells from questionnaire sheet | L27: Copy Paste visible cells from questionnaire sheet
A28: ='auditvragen algemeen beheer '!A302 -> a | B28: ='auditvragen algemeen beheer '!B302 -> Algemeen | C28: ='auditvragen algemeen beheer '!L302 -> 0 | D28: ='auditvragen algemeen beheer '!M302 -> 0 | H28: Copy Paste visible cells from questionnaire sheet | I28: Copy Paste visible cells from questionnaire sheet | J28: Copy Paste visible cells from questionnaire sheet | K28: Copy Paste visible cells from questionnaire sheet | L28: Copy Paste visible cells from questionnaire sheet
A29: ='auditvragen algemeen beheer '!A323 -> b | B29: ='auditvragen algemeen beheer '!B323 -> Functieomschrijving en evaluaties | C29: ='auditvragen algemeen beheer '!L323 -> 0 | D29: ='auditvragen algemeen beheer '!M323 -> 0 | H29: Copy Paste visible cells from questionnaire sheet | I29: Copy Paste visible cells from questionnaire sheet | J29: Copy Paste visible cells from questionnaire sheet | K29: Copy Paste visible cells from questionnaire sheet | L29: Copy Paste visible cells from questionnaire sheet
A30: ='auditvragen algemeen beheer '!A338 -> c | B30: ='auditvragen algemeen beheer '!B338 -> Intakegesprek | C30: ='auditvragen algemeen beheer '!L338 -> 0 | D30: ='auditvragen algemeen beheer '!M338 -> 0
A31: ='auditvragen algemeen beheer '!A357 -> d | B31: ='auditvragen algemeen beheer '!B357 -> Interne opleidingen | C31: ='auditvragen algemeen beheer '!L357 -> 0 | D31: ='auditvragen algemeen beheer '!M357 -> 0
A32: ='auditvragen algemeen beheer '!A397 -> e | B32: ='auditvragen algemeen beheer '!B397 -> Opleiding stagiaires | C32: ='auditvragen algemeen beheer '!L397 -> 0 | D32: ='auditvragen algemeen beheer '!M397 -> 0
A33: ='auditvragen algemeen beheer '!A406 -> VII | B33: ='auditvragen algemeen beheer '!B406 -> Beleid rond veiligheid en ergonomie | C33: ='auditvragen algemeen beheer '!L406 -> 0 | D33: ='auditvragen algemeen beheer '!M406 -> 0 | H33: Copy Paste visible cells from questionnaire sheet | I33: Copy Paste visible cells from questionnaire sheet | J33: Copy Paste visible cells from questionnaire sheet | K33: Copy Paste visible cells from questionnaire sheet | L33: Copy Paste visible cells from questionnaire sheet
A34: ='auditvragen algemeen beheer '!A409 -> a | B34: ='auditvragen algemeen beheer '!B409 -> Huishoudelijk reglement (HHR) | C34: ='auditvragen algemeen beheer '!L409 -> 0 | D34: ='auditvragen algemeen beheer '!M409 -> 0 | H34: Copy Paste visible cells from questionnaire sheet | I34: Copy Paste visible cells from questionnaire sheet | J34: Copy Paste visible cells from questionnaire sheet | K34: Copy Paste visible cells from questionnaire sheet | L34: Copy Paste visible cells from questionnaire sheet
A35: ='auditvragen algemeen beheer '!A416 -> b | B35: ='auditvragen algemeen beheer '!B416 -> Veiligheid, ergonomie en welzijn | C35: ='auditvragen algemeen beheer '!L416 -> 0 | D35: ='auditvragen algemeen beheer '!M416 -> 0 | H35: Copy Paste visible cells from questionnaire sheet | I35: Copy Paste visible cells from questionnaire sheet | J35: Copy Paste visible cells from questionnaire sheet | K35: Copy Paste visible cells from questionnaire sheet | L35: Copy Paste visible cells from questionnaire sheet
A41: Handtekeningen
A43: Hoofdapotheker | I43: Change name & signature
A46: Auditeur naam : | I46: Change name & signature
B50: MAEIA Algemeen Beheer Rapport
A77: Sterke punten
A78: 1
A79: 2
A80: 3
A81: 4
A82: 5
A83: 6
A84: Tekortkomingen niveau 1
A85: 1
A86: 2
A87: 3
A88: 4
A89: 5
A90: 6
A91: Verbeterpunten niveau 2
A92: 1
A93: 2
A94: 3
A95: 4
A96: 5
A97: 6
A98: Verbeterpunten niveau 3
A99: 1
A100: 2
A101: 3
A102: 4
A103: 5
A104: 6
A105: Observaties
A106: 1
A107: 2
A108: 3
A109: 4
A110: 5
A111: 6

Sheet actiepunten auditee
A3: Actiepunt | B3: Nummer | C3: ..… | D3: Oorsprong :
D4: o Tekortkoming niveau 1
D5: o Verbeterpunt niveau 2
D6: o Verbeterpunt niveau 3
D7: o Observatie
A8: Geaudit proces | B8: Proces Algemeen Beheer
A9: Auditdatum | B9: …../…../….. | D9: Auditor | E9: ……………………………………………
A10: Auditee | B10: ………………………………………………………………………………..
A11: Omschrijving van de tekortkoming / verbeterpunt / observatie
A12: Voorgestelde maatregel door de auditee | B12: Oorzaak
B15: Actie
B21: Verantwoordelijke
B23: Termijn
A26: Opvolgrapport
A27: (cumulatief)
A44: Conclusie

Sheet Mapping
B4: MAPPING TABLE | G4: points
B5: Base points | C5: Niveau | D5: Extra gewicht factor | E5: Antwoord | F5: Code | G5: Total | H5: Score | M5: Somme | P5: Speedometer | R5: Pointer
A6: Ja Groep | B6: 1 | C6: 3 | D6: X3 | E6: Ja | F6: =C6&D6&E6 -> 3X3Ja | G6: 3 | H6: 3 | L6: Ja | M6: =COUNTIF('auditvragen algemeen beheer '!$G:$G,Mapping!$L6) -> 2 | P6: Start | Q6: 0 | R6: Value | S6: =+ROUND(M11/M10,2)*100 -> 100
A7: Ja Groep | B7: 1 | C7: 3 | D7: X2 | E7: Ja | F7: =C7&D7&E7 -> 3X2Ja | G7: 2 | H7: 2 | L7: Neen | M7: =COUNTIF('auditvragen algemeen beheer '!$G:$G,Mapping!$L7) -> 1 | P7: Initial | Q7: 60 | R7: Pointer | S7: 1
A8: Ja Groep | B8: 1 | C8: 3 | D8: X1 | E8: Ja | F8: =C8&D8&E8 -> 3X1Ja | G8: 1 | H8: 1 | L8: NVT | M8: =COUNTIF('auditvragen algemeen beheer '!$G:$G,Mapping!$L8) -> 1 | P8: Middle | Q8: 30 | R8: end | S8: =200-S7-S6 -> 99
A9: Ja Groep | B9: 1 | C9: 3 | D9: X0,33 | E9: Ja | F9: =C9&D9&E9 -> 3X0,33Ja | G9: =1/3 -> 0.33333333 | H9: =1/3 -> 0.33333333 | L9: Somme | M9: =SUM(M6:M8) -> 4 | P9: End | Q9: 10
A10: Ja Groep | B10: 1 | C10: 3 | D10: X0,66 | E10: Ja | F10: =C10&D10&E10 -> 3X0,66Ja | G10: =2/3 -> 0.66666667 | H10: =2/3 -> 0.66666667 | L10: Total | M10: ='auditvragen algemeen beheer '!$L$3 -> 3 | P10: Max | Q10: 100
A11: Ja Groep | B11: 1 | C11: 3 | D11: X1 | E11: Ja | F11: =C11&D11&E11 -> 3X1Ja | G11: 1 | H11: 1 | L11: Score | M11: ='auditvragen algemeen beheer '!$M$3 -> 3
A12: Ja Groep | B12: 3 | C12: 2 | D12: X3 | E12: Ja | F12: =C12&D12&E12 -> 2X3Ja | G12: 9 | H12: 9 | S12: ="Total Score : "&S6&"%" -> Total Score : 100%
A13: Ja Groep | B13: 3 | C13: 2 | D13: X2 | E13: Ja | F13: =C13&D13&E13 -> 2X2Ja | G13: 6 | H13: 6
A14: Ja Groep | B14: 3 | C14: 2 | D14: X1 | E14: Ja | F14: =C14&D14&E14 -> 2X1Ja | G14: 3 | H14: 3 | L14: ROUGE | M14: 60
A15: Ja Groep | B15: 3 | C15: 2 | D15: X0,33 | E15: Ja | F15: =C15&D15&E15 -> 2X0,33Ja | G15: 1 | H15: 1 | L15: ORANGE | M15: 30
A16: Ja Groep | B16: 3 | C16: 2 | D16: X0,66 | E16: Ja | F16: =C16&D16&E16 -> 2X0,66Ja | G16: 2 | H16: 2 | L16: VERT | M16: 10
A17: Ja Groep | B17: 3 | C17: 2 | D17: X1 | E17: Ja | F17: =C17&D17&E17 -> 2X1Ja | G17: 3 | H17: 3 | L17: Invisible | M17: 100
A18: Ja Groep | B18: 6 | C18: 1 | D18: X3 | E18: Ja | F18: =C18&D18&E18 -> 1X3Ja | G18: 18 | H18: 18
A19: Ja Groep | B19: 6 | C19: 1 | D19: X2 | E19: Ja | F19: =C19&D19&E19 -> 1X2Ja | G19: 12 | H19: 12
A20: Ja Groep | B20: 6 | C20: 1 | D20: X1 | E20: Ja | F20: =C20&D20&E20 -> 1X1Ja | G20: 6 | H20: 6 | L20: Aiguille | M20: =M7/M9 -> 0.25
A21: Ja Groep | B21: 6 | C21: 1 | D21: X0,33 | E21: Ja | F21: =C21&D21&E21 -> 1X0,33Ja | G21: 2 | H21: 2 | L21: Largeur | M21: 1
A22: Ja Groep | B22: 6 | C22: 1 | D22: X0,66 | E22: Ja | F22: =C22&D22&E22 -> 1X0,66Ja | G22: 4 | H22: 4 | L22: Invisible | M22: =SUM(M14:M17)-(M21+M20) -> 198.75
A23: Ja Groep | B23: 6 | C23: 1 | D23: X1 | E23: Ja | F23: =C23&D23&E23 -> 1X1Ja | G23: 6 | H23: 6
A24: Neen groep | B24: 1 | C24: 3 | D24: X3 | E24: Neen | F24: =C24&D24&E24 -> 3X3Neen | G24: 3 | H24: 0 | L24: RIEN
A25: Neen groep | B25: 1 | C25: 3 | D25: X2 | E25: Neen | F25: =C25&D25&E25 -> 3X2Neen | G25: 2 | H25: 0 | L25: Aiguille | M25: =ROUND(M20,0)&"%" -> 0%
A26: Neen groep | B26: 1 | C26: 3 | D26: X1 | E26: Neen | F26: =C26&D26&E26 -> 3X1Neen | G26: 1 | H26: 0 | L26: RIEN
A27: Neen groep | B27: 1 | C27: 3 | D27: X0,33 | E27: Neen | F27: =C27&D27&E27 -> 3X0,33Neen | G27: =1/3 -> 0.33333333 | H27: 0
A28: Neen groep | B28: 1 | C28: 3 | D28: X0,66 | E28: Neen | F28: =C28&D28&E28 -> 3X0,66Neen | G28: =2/3 -> 0.66666667 | H28: 0
A29: Neen groep | B29: 1 | C29: 3 | D29: X1 | E29: Neen | F29: =C29&D29&E29 -> 3X1Neen | G29: 1 | H29: 0
A30: Neen groep | B30: 3 | C30: 2 | D30: X3 | E30: Neen | F30: =C30&D30&E30 -> 2X3Neen | G30: 9 | H30: 0
A31: Neen groep | B31: 3 | C31: 2 | D31: X2 | E31: Neen | F31: =C31&D31&E31 -> 2X2Neen | G31: 6 | H31: 0
A32: Neen groep | B32: 3 | C32: 2 | D32: X1 | E32: Neen | F32: =C32&D32&E32 -> 2X1Neen | G32: 3 | H32: 0
A33: Neen groep | B33: 3 | C33: 2 | D33: X0,33 | E33: Neen | F33: =C33&D33&E33 -> 2X0,33Neen | G33: 1 | H33: 0
A34: Neen groep | B34: 3 | C34: 2 | D34: X0,66 | E34: Neen | F34: =C34&D34&E34 -> 2X0,66Neen | G34: 2 | H34: 0
A35: Neen groep | B35: 3 | C35: 2 | D35: X1 | E35: Neen | F35: =C35&D35&E35 -> 2X1Neen | G35: 3 | H35: 0
A36: Neen groep | B36: 6 | C36: 1 | D36: X3 | E36: Neen | F36: =C36&D36&E36 -> 1X3Neen | G36: 18 | H36: 0
A37: Neen groep | B37: 6 | C37: 1 | D37: X2 | E37: Neen | F37: =C37&D37&E37 -> 1X2Neen | G37: 12 | H37: 0
A38: Neen groep | B38: 6 | C38: 1 | D38: X1 | E38: Neen | F38: =C38&D38&E38 -> 1X1Neen | G38: 6 | H38: 0
A39: Neen groep | B39: 6 | C39: 1 | D39: X0,33 | E39: Neen | F39: =C39&D39&E39 -> 1X0,33Neen | G39: 2 | H39: 0
A40: Neen groep | B40: 6 | C40: 1 | D40: X0,66 | E40: Neen | F40: =C40&D40&E40 -> 1X0,66Neen | G40: 4 | H40: 0
... A59: NVT groep | B59: 6 | C59: 1 | D59: X1 | E59: NVT | F59: =C59&D59&E59 -> 1X1NVT | G59: 0 | H59: 0
